Map: Frozen Temple

Players

Kelazhur - Winner!

  • Race: Terran Terran

viOLet

  • Race: Zerg Zerg

Event: 2016 WCS Summer Circuit Championship (DH Montreal)

VOD

https://www.youtube.com/watch?v=SooT5Tu1byc

Description

Time

  • Played on: Aug. 12, 2016, 7:31 p.m.
  • Length: 20:33

All games in this series

Show
View Real Time Build Order
Export as new Build Order

Kelazhur Terran - Winner!

Build Orders: MMM Bio 

Get SALT Encoding   

  12  0:00  SCV  
  13  0:12  SCV  
  14  0:17  Supply Depot  
  14  0:24  SCV  
  15  0:38  SCV  
  15  0:39  Barracks  
  16  0:43  Refinery  
  16  0:50  SCV  
  17  0:58  Barracks  
  17  1:02  SCV  
  18  1:15  SCV  
  19  1:19  Barracks  
  19  1:27  Reaper  
  19  1:29  Refinery  
  20  1:41  Orbital Command  
  20  1:46  Reaper  
  21  1:54  Supply Depot  
  21  1:59  Reaper  
  22  2:08  Reaper  
  23  2:15  SCV  
  23  2:18  Reaper  
  23  2:20  Supply Depot  
  25  2:30  SCV  
  25  2:31  Reaper  
  26  2:40  Reaper  
  26  2:42  SCV  
  28  2:50  Reaper  
  29  2:54  SCV  
  30  3:03  Marine  
  31  3:06  SCV  
  31  3:11  Supply Depot  
  31  3:12  Marine  
  33  3:21  Reaper  
  33  3:22  Reaper  
  35  3:30  Reaper  
  35  3:31  Command Center, SCV  
  37  3:44  SCV  
  38  3:53  Reaper  
  38  3:54  Reaper  
  40  3:56  SCV  
  41  4:09  SCV  
  42  4:10  Barracks Tech Lab  
  41  4:26  Barracks Reactor x2, SCV  
  41  4:27  Factory  
  42  4:36  Marine, Stimpack  
  42  4:48  Orbital Command  
  42  4:49  SCV  
  42  4:57  Marine  
  43  5:01  SCV  
  43  5:03  Command Center, Marine  
  43  5:04  Marine x3, Orbital Command  
  48  5:12  Factory Reactor, Starport  
  47  5:14  Marine  
  47  5:16  SCV  
  49  5:23  Marine x4  
  53  5:28  SCV  
  53  5:32  Marine  
  53  5:33  SCV  
  56  5:41  Marine x4  
  56  5:42  Supply Depot  
  60  5:47  SCV  
  61  5:50  Marine  
  62  5:57  Supply Depot  
  62  6:03  Medivac x2, SCV  
  67  6:04  Marine x3  
  67  6:09  Factory Tech Lab, Supply Depot  
  70  6:14  Marine, SCV  
  70  6:16  Marauder  
  70  6:17  Orbital Command  
  70  6:18  SCV  
  75  6:26  Marine x3  
  75  6:28  SCV  
  75  6:30  Supply Depot, SCV  
  80  6:36  Combat Shields  
  80  6:37  Marine  
  80  6:39  Orbital Command  
  81  6:40  SCV  
  81  6:42  SCV  
  81  6:44  Medivac x2  
  81  6:45  Marine  
  88  6:49  Refinery  
  88  6:51  Marine  
  88  6:52  SCV  
  88  6:53  Marine  
  91  6:56  Marauder  
  91  7:00  Marine  
  94  7:02  SCV  
  94  7:06  Refinery  
  95  7:17  Marine x2  
  95  7:18  Marauder  
  95  7:19  Medivac  
  95  7:21  Engineering Bay  
  101  7:23  Engineering Bay, SCV x2  
  101  7:27  SCV  
  100  7:38  SCV  
  100  7:41  Marine  
  100  7:42  SCV  
  100  7:43  SCV  
  100  7:46  Siege Tank  
  100  7:50  Terran Infantry Weapons Level 1  
  102  7:54  Terran Infantry Armor Level 1  
  102  7:55  SCV  
  103  8:00  SCV  
  103  8:01  Marine x3, Marauder  
  109  8:08  Supply Depot x2  
  109  8:09  Marine, SCV  
  109  8:11  SCV  
  109  8:15  Supply Depot  
  109  8:25  Marine x2  
  109  8:27  Marine  
  109  8:29  SCV  
  92  8:35  Marine  
  92  8:36  Marauder  
  92  8:39  Widow Mine  
  94  8:42  Marine x2  
  94  8:43  Medivac  
  94  8:45  Marine  
  96  8:49  Barracks  
  96  8:50  SCV x3, Barracks, Armory  
  96  8:51  Barracks x2  
  96  8:52  Refinery  
  96  8:55  Marine  
  100  8:58  Supply Depot  
  100  9:00  Marine x3  
  100  9:02  SCV x2  
  105  9:06  Marine  
  106  9:12  Marine  
  106  9:14  SCV x2  
  106  9:15  Siege Tank  
  112  9:18  Marine, SCV  
  112  9:20  Marine x2  
  116  9:24  Marine  
  116  9:26  SCV  
  116  9:27  Supply Depot, SCV  
  116  9:30  Marine, SCV  
  116  9:31  Barracks  
  121  9:38  Marauder  
  124  9:40  Marine x2, SCV  
  124  9:43  Barracks Reactor x2  
  124  9:44  Barracks Tech Lab x2  
  126  9:45  Terran Infantry Weapons Level 2  
  126  9:49  Supply Depot, Terran Infantry Armor Level 2  
  126  9:50  Marine  
  126  9:51  Supply Depot, Marine  
  128  9:53  Siege Tank  
  128  9:54  Medivac x2  
  128  9:58  Marine  
  136  10:02  Marine x2  
  137  10:09  Marine  
  137  10:10  Marine x2, Marauder  
  138  10:16  Marine  
  138  10:19  Concussive Shells, Marine  
  138  10:20  Marine x6  
  146  10:25  Siege Tank  
  146  10:27  Supply Depot, Marine x2  
  146  10:28  Marauder  
  153  10:29  Supply Depot  
  153  10:31  Marine  
  152  10:38  Marine  
  152  10:39  Marine x6, Marauder  
  161  10:45  Marine x2  
  161  10:46  Terran Vehicle Weapons Level 1  
  161  10:49  Marine, Marauder  
  166  10:56  Marine  
  166  10:57  Supply Depot, Marine x5  
  167  10:59  Supply Depot  
  168  11:13  Siege Tank  
  155  11:20  Medivac x2  
  155  11:24  Marine  
  155  11:25  Marine x11  
  157  11:35  Command Center  
  157  11:38  Liberator  
  157  11:39  Liberator  
  157  11:42  Marine  
  157  11:43  Marine x5  
  157  11:46  Siege Tank  
  166  11:52  Marine  
  166  11:53  Marauder  
  173  11:58  Starport  
  173  12:00  Starport, Marine x2  
  177  12:03  Marauder  
  177  12:05  Marine  
  180  12:13  Marine  
  181  12:16  Terran Infantry Weapons Level 3  
  181  12:21  Liberator  
  181  12:27  Liberator  
  181  12:41  Marine  
  181  12:42  Marauder  
  129  12:53  Liberator x2, Marauder x2  
  129  12:57  Marine x2  
  129  12:58  Marine x3  
  130  13:03  Marauder  
  136  13:20  Terran Infantry Armor Level 3  
  136  13:21  Marine x3  
  136  13:22  Barracks Tech Lab  
  139  13:28  Liberator x2  
  139  13:33  Planetary Fortress  
  139  13:35  Liberator  
  139  13:36  Marine  
  139  13:37  Marine, Marauder x2  
  152  13:56  Marine  
  152  13:58  Starport Tech Lab  
  157  14:10  Marine x7, Marauder x4  
  157  14:14  Marine  
  157  14:15  Command Center, Refinery  
  169  14:20  Fusion Core  
  169  14:22  Refinery x2  
  169  14:23  Liberator  
  167  14:31  Marauder  
  166  14:43  Marine x7  
  176  14:48  Command Center  
  175  15:05  Marine, Marauder x2  
  173  15:07  Marine  
  173  15:09  Liberator x2  
  173  15:11  Marine x2  
  173  15:14  Marine x2, Marauder x2  
  157  15:15  Marine x2  
  144  15:22  Liberator  
  144  15:23  Marine  
  144  15:25  Marine  
  144  15:27  Marauder  
  154  15:28  Marine  
  126  15:40  Liberator  
  110  15:50  Marine  
  110  15:51  Marine, Orbital Command  
  110  15:52  Marine  
  110  15:55  Marine  
  108  15:59  Marine, Marauder  
  112  16:12  Advanced Ballistics  
  112  16:14  SCV x2  
  114  16:27  Marine x3  
  117  16:33  Marine  
  117  16:38  Marauder x3  
  117  16:39  Marauder  
  126  16:42  Marine x3  
  129  16:47  SCV x2  
  129  16:48  Marine, SCV  
  129  16:49  Marine  
  134  16:56  Terran Ship Weapons Level 1  
  134  16:59  SCV  
  134  17:00  Marauder x4  
  142  17:19  SCV x3  
  144  17:24  Marauder  
  146  17:31  SCV  
  146  17:34  Supply Depot  
  146  17:36  Supply Depot  
  147  17:38  Liberator x2  
  147  17:40  Liberator  
  147  17:41  Liberator  
  147  17:47  Supply Depot  
  147  17:48  Supply Depot  
  147  17:55  Marauder  
  161  18:21  Liberator  
  161  18:22  Marauder x2  
  165  18:27  Refinery  
  165  18:29  Liberator x2  
  170  19:01  SCV x3  
  165  19:20  Marine x5  
  165  19:22  Marine  
  165  19:23  Marine x3  
  169  19:38  Marine  
  169  19:39  Marine  
  171  19:50  Missile Turret  
Show
View Real Time Build Order
Export as new Build Order

viOLet Zerg 

Build Orders: Pool First 

Get SALT Encoding   

  12  0:00  Drone  
  13  0:12  Overlord  
  13  0:18  Drone  
  14  0:31  Drone x2  
  16  0:35  Drone  
  17  0:45  Spawning Pool  
  17  0:47  Drone  
  17  1:08  Hatchery  
  16  1:11  Drone  
  17  1:26  Extractor  
  17  1:31  Queen  
  17  1:32  Zergling x6  
  21  1:43  Overlord  
  21  2:01  Drone  
  22  2:07  Queen  
  22  2:08  Drone  
  25  2:20  Drone, Queen  
  28  2:39  Drone x2, Roach Warren  
  28  2:40  Drone  
  30  2:49  Drone  
  31  2:56  Overlord  
  31  2:57  Drone  
  31  3:02  Drone  
  31  3:03  Drone  
  32  3:06  Overlord  
  32  3:19  Roach x4  
  40  3:22  Roach  
  42  3:30  Roach  
  42  3:32  Drone x2  
  42  3:33  Drone  
  47  3:35  Drone  
  47  3:37  Drone  
  49  3:42  Drone  
  49  3:47  Overlord  
  50  3:54  Drone  
  51  3:56  Drone  
  51  3:57  Overlord  
  52  4:06  Drone  
  52  4:13  Overlord  
  52  4:15  Overlord  
  52  4:24  Ravager x2  
  52  4:25  Roach  
  52  4:30  Roach  
  58  4:32  Roach  
  58  4:34  Overlord  
  58  4:37  Overlord, Roach  
  62  4:45  Overlord  
  62  4:47  Drone  
  62  4:48  Drone  
  62  4:49  Drone  
  62  4:51  Drone  
  62  4:52  Hatchery  
  65  4:53  Drone  
  65  4:58  Ravager  
  65  4:59  Drone  
  68  5:01  Drone  
  68  5:03  Extractor  
  68  5:06  Drone  
  69  5:09  Drone  
  69  5:13  Drone x2  
  72  5:14  Drone  
  72  5:18  Drone x2  
  72  5:19  Drone  
  76  5:28  Evolution Chamber, Extractor  
  74  5:29  Evolution Chamber  
  74  5:31  Ravager  
  74  5:36  Drone x3  
  77  5:45  Metabolic Boost  
  77  5:48  Zergling x14  
  81  6:08  Zerg Ground Armor Level 1  
  81  6:09  Zergling x10  
  86  6:19  Zergling x16  
  91  6:26  Queen  
  91  6:27  Queen x2  
  91  6:28  Overlord x2  
  97  6:37  Zerg Missile Weapons Level 1  
  97  6:40  Drone  
  97  6:41  Drone x5  
  97  6:42  Ravager x2  
  105  6:55  Drone  
  105  6:56  Drone x3  
  105  6:57  Drone x3  
  105  6:58  Drone  
  113  7:01  Overlord  
  113  7:03  Lair  
  113  7:13  Roach x5  
  117  7:16  Roach x2  
  117  7:21  Extractor  
  120  7:23  Roach x3  
  114  7:30  Roach  
  114  7:36  Roach x2  
  113  7:39  Roach  
  113  7:42  Roach  
  113  7:50  Spore Crawler  
  112  7:55  Overlord x3  
  112  7:56  Overlord x3  
  112  7:57  Roach x3  
  117  8:08  Glial Reconstitution  
  117  8:10  Drone x3  
  120  8:17  Drone x2, Extractor  
  120  8:19  Zergling x2  
  122  8:24  Spore Crawler  
  122  8:26  Spore Crawler  
  118  8:29  Drone x8  
  119  8:37  Drone x4  
  123  8:47  Queen  
  125  8:49  Drone x5  
  125  8:50  Drone x2  
  132  8:56  Zerg Ground Armor Level 2  
  132  8:57  Zerg Melee Weapons Level 1  
  132  8:58  Infestation Pit  
  132  9:02  Ravager  
  132  9:15  Hatchery, Zergling x14  
  138  9:17  Ravager x3  
  138  9:18  Ravager  
  142  9:25  Zergling x14  
  149  9:37  Hive  
  149  9:39  Extractor, Zergling x6  
  149  9:44  Zergling x2  
  149  9:45  Zergling x4  
  154  9:52  Zergling x8  
  158  9:53  Pathogen Glands  
  152  10:01  Zergling x8  
  152  10:02  Zergling x8  
  158  10:13  Overseer, Zergling x6  
  156  10:23  Infestor x2  
  156  10:24  Infestor  
  156  10:25  Zergling x6  
  165  10:31  Zergling x4  
  167  10:39  Zergling x8  
  160  10:50  Zergling x8  
  160  10:53  Ultralisk Cavern  
  154  10:57  Zergling x18  
  146  11:11  Zergling x2  
  146  11:12  Zergling x14  
  146  11:14  Zergling x2  
  134  11:24  Zerg Melee Weapons Level 2  
  134  11:25  Zerg Ground Armor Level 3  
  130  11:26  Zergling x2  
  130  11:27  Zergling x16  
  139  11:40  Queen  
  139  11:41  Chitinous Plating  
  139  11:44  Ultralisk x3  
  139  11:46  Zergling x14  
  166  12:00  Overlord x2, Zergling x2  
  167  12:01  Zergling x2  
  167  12:02  Ultralisk  
  174  12:08  Adrenal Glands  
  174  12:12  Zergling x2  
  170  12:27  Ultralisk  
  165  12:32  Ultralisk  
  165  12:33  Overlord x2  
  171  12:41  Hatchery  
  138  12:47  Ultralisk  
  126  12:57  Infestor  
  128  12:59  Zergling x2  
  128  13:00  Zergling x6  
  128  13:01  Hatchery  
  131  13:08  Ultralisk  
  137  13:23  Ultralisk  
  137  13:24  Zergling x12  
  149  13:35  Zergling x14  
  156  13:48  Infestor x2  
  157  14:00  Zergling x2  
  157  14:01  Zergling x18  
  167  14:18  Spire, Zergling x2, Ultralisk  
  167  14:19  Zergling x6  
  173  14:34  Ultralisk  
  173  14:37  Extractor  
  173  14:38  Extractor  
  175  14:45  Zerg Melee Weapons Level 3  
  161  15:11  Ultralisk x3  
  139  15:36  Hatchery  
  139  15:39  Zergling x2  
  117  16:02  Hatchery  
  114  16:05  Infestor x3  
  120  16:28  Hatchery  
  119  16:51  Corruptor x3  
  125  17:03  Corruptor  
  125  17:31  Hatchery  
  124  17:37  Corruptor  
  125  17:56  Corruptor x3  
  130  18:03  Zergling x2  
  130  18:04  Zergling x10  
  134  18:13  Zergling x2  
  134  18:14  Zergling x10  
  140  18:22  Zergling x2  
  140  18:23  Zergling x8  
  145  18:33  Ultralisk  
  151  18:47  Infestor  
  146  18:54  Zergling x10  
  146  18:55  Zergling x10  
  153  19:01  Zergling x8  
  155  19:17  Infestor  
  155  19:22  Zergling x2  
  155  19:23  Zergling x6  
  161  19:30  Zergling x8  
  161  19:31  Zergling x10  
  170  19:39  Zergling x2  
  171  19:48  Hatchery  
  171  19:50  Zergling x2  
  160  19:54  Zergling x2  
Tags
 
Add a new tag
Caveats
  • Supply blocks, unpowered buildings, or Contaminate may cause inaccurate times.
  • Supply counts are checked every 10 seconds.